 Dungeon Crawl Stone Soup version 0.18-b1-10-g3f7de93 (webtiles) character file.

187 graki42 the Firebug (level 5, -16/28 HPs)
             Began as a Deep Elf Fire Elementalist on Apr 29, 2016.
             Demolished by an ogre
             ... wielding a +0 giant club
              (20 damage)
             ... on level 4 of the Dungeon.
             The game lasted 00:10:41 (2161 turns).

graki42 the Firebug (Deep Elf Fire Elementalist)    Turns: 2161, Time: 00:10:41

Health: -16/28     AC:  3    Str:  6    XL:     5   Next: 39%
Magic:  0/14       EV: 13    Int: 20    God:
Gold:   100        SH:  0    Dex: 15    Spells: 3 memorised, 6 levels left

rFire  . . .     SeeInvis .     t - +0 dagger (venom)
rCold  . . .     Gourm    .     a - +0 robe
rNeg   . . .     Faith    .     (no shield)
rPois  .         Spirit   .     (no helmet)
rElec  .         Dismiss  .     o - +0 cloak
rCorr  .         Reflect  .     (no gloves)
SustAt .         Harm     .     (no boots)
MR     .....                    (no amulet)
Stlth  ++........               (no ring)
                                (no ring)

@: very slightly contaminated, not resistant to hostile enchantments, unstealthy
A: no striking features
a: no special abilities


You were on level 4 of the Dungeon.
You were hungry.

You visited 1 branch of the dungeon, and saw 4 of its levels.

You collected 100 gold pieces.

Inventory:

Hand Weapons
 t - a +0 dagger of venom (weapon)
Armour
 a - a +0 robe (worn)
 o - a +0 cloak (worn)
Scrolls
 d - a scroll of enchant armour {unknown}
 f - 2 scrolls of remove curse {unknown}
 j - 3 scrolls of identify {unknown}
 m - 2 scrolls of noise {unknown}
 n - a scroll of fear {unknown}
 p - a scroll of recharging {unknown}
 q - a scroll of immolation {unknown}
 u - a scroll of amnesia {unknown}
 v - a scroll of teleportation {unknown}
Potions
 e - a potion of mutation {unknown}
 g - a potion of brilliance {unknown}
 k - a potion of curing {unknown}
 l - a potion of flight {unknown}
 s - a potion of magic {unknown}
 w - a potion of agility {unknown}
 A - a potion of heal wounds
Books
 b - a book of Flames

   Spells                             Type                      Level
   a - Flame Tongue                   Conjuration/Fire             1
   b - Throw Flame                    Conjuration/Fire             2
   c - Conjure Flame                  Conjuration/Fire             3
   d - Inner Flame                    Hexes/Fire                   3
   e - Sticky Flame                   Conjuration/Fire             4
   f - Fireball                       Conjuration/Fire             5
Comestibles
 c - 4 bread rations
 h - 3 fruits
 i - a meat ration
 r - a royal jelly
 z - a beef jerky


   Skills:
 + Level 0.5 Fighting
 + Level 3.4 Dodging
 + Level 2.8 Stealth
 + Level 4.6 Spellcasting
 + Level 2.5 Conjurations
 + Level 4.6 Fire Magic


You had 6 spell levels left.
You knew the following spells:

 Your Spells              Type           Power        Failure   Level  Hunger
a - Flame Tongue          Conj/Fire      ###..        2%          1    None
b - Conjure Flame         Conj/Fire      ###.....     10%         3    ##.....
c - Inner Flame           Hex/Fire       ##......     17%         3    ##.....


Dungeon Overview and Level Annotations

Branches:
Dungeon (4/15)
 Temple: D:4-7

Altars:
Kikubaaqudgha
Pakellas

Annotations:
D:4 Robin


Message History

You hit the goblin.
You kill the goblin!
You hit the ogre.
The ogre is poisoned.
The ogre is moderately wounded.
The ogre barely misses you.
You hit the ogre.
The ogre is moderately wounded.
The ogre hits you with a giant club!!
Ouch! That really hurt!
* * * LOW HITPOINT WARNING * * *
Casting: Flame Tongue
Confirm with . or Enter, or press ? or * to list all spells.
Aiming: Flame Tongue
Press: ? - help, Shift-Dir - straight line, f - ogre
Aim: an ogre, wielding a giant club (heavily wounded, poisoned)
The flame tongue hits the ogre.
The ogre is heavily wounded.
The ogre hits you with a giant club!!
Ouch! That really hurt!
You die...

#.###. ##...#.##
#.........
##....g_..#
#......O..#
#....♣....#
#.........##########.
..._.....))gO@......a
#........############
#.#.....## #.......#
.......<# #....####
#.... #... #..


You could see an ogre, a worker ant (sleeping) and Robin.

Vanquished Creatures
  Ijyb (D:3)
  Terence (D:2)
  An orc wizard (D:3)
  3 adders (D:2)
  3 worms (D:2)
  2 dart slugs
  2 giant geckos
  4 orcs (D:3)
  2 ball pythons
  3 giant cockroaches (D:2)
  8 hobgoblins
  4 jackals (D:2)
  A quokka (D:3)
  4 bats
  2 giant newts
  16 goblins
  5 kobolds
  2 rats
64 creatures vanquished.

Notes
Turn   | Place    | Note
--------------------------------------------------------------
     0 | D:1      | graki42 the Deep Elf Fire Elementalist began the quest for the Orb.
     0 | D:1      | Reached XP level 1. HP: 10/10 MP: 6/6
   327 | D:1      | Reached XP level 2. HP: 10/15 MP: 6/8
   716 | D:2      | Reached XP level 3. HP: 19/19 MP: 3/9
  1287 | D:2      | Noticed Terence
  1297 | D:2      | Killed Terence
  1297 | D:2      | Reached XP level 4. HP: 17/24 MP: 4/12
  1646 | D:3      | Learned a level 3 spell: Conjure Flame
  1650 | D:3      | Learned a level 3 spell: Inner Flame
  1705 | D:3      | Reached XP level 5. HP: 19/28 MP: 6/13
  1715 | D:3      | Noticed Ijyb
  1741 | D:3      | Killed Ijyb
  2126 | D:4      | Found an ancient bone altar of Kikubaaqudgha.
  2126 | D:4      | Noticed Robin
  2127 | D:4      | Found an oddly glowing altar of Pakellas.
  2128 | D:4      | Noticed an ogre
  2161 | D:4      | Demolished by an ogre

Skill      XL: |  1  2  3  4 |
---------------+-------------+-----
Fire Magic     | 4 |  4.6
Dodging        | 3 |  3.4
Spellcasting   | 4 |  4.6
Conjurations   | 2 |  2.5
Fighting       | |  0.5
Stealth        | |  2.8

Action                   |  1- 3 |  4- 6 || total
-------------------------+-------+-------++-------
Melee: Short sword       |    12 |       ||    12
       Dagger            |       |    16 ||    16
 Cast: Flame Tongue      |    64 |    64 ||   128
  Use: Potion            |       |     1 ||     1
  Eat: Chunk             |     1 |     2 ||     3
Armor: Robe              |    13 |     8 ||    21
Dodge: Dodged            |    31 |    33 ||    64
